 Dungeon Crawl Stone Soup version 0.30.1-8-g117510f58f (webtiles) character file.

Game seed: 17434723060509814622

2168 t3rr1bl3 the Sneak (level 9, -1/58 HPs)
             Began as an Octopode Transmuter on Sept 23, 2023.
             Slain by a shadow imp (5 damage)
             ... on level 7 of the Dungeon.
             The game lasted 00:28:09 (7188 turns).

t3rr1bl3 the Sneak (Octopode Transmuter)            Turns: 7188, Time: 00:28:10

Health: -1/58      AC:  1    Str: 13    XL:     9   Next: 32%
Magic:  13/13      EV: 14    Int: 15    God:
Gold:   306        SH:  0    Dex: 15    Spells: 2/14 levels left

rFire   . . .        u - +1 mace of Vujui {drain, rPois rN+ Dex+2 Stlth+}
rCold   + . .        (no shield)
rNeg    + . .        (helmet restricted)
rPois   +            (no amulet)
rElec   .            p - ring of protection from cold
rCorr   .            (no ring)
SInv    .            (no ring)
Will    .....        (no ring)
Stlth   ++++++       (no ring)
HPRegen 0.29/turn    (no ring)
MPRegen 0.13/turn    (no ring)
                     (no ring)

%: no passive effects
@: wereblooded
A: almost no armour, amphibious, 8 rings, camouflage 1, gelatinous body 1,
(nimble swimmer 1), tentacles
a: no special abilities


You were on level 7 of the Dungeon.
You visited 1 branch of the dungeon, and saw 7 of its levels.

You collected 306 gold pieces.

Inventory:

Hand Weapons
 g - a +2 whip of venom
 u - the +1 mace of Vujui (weapon) {drain, rPois rN+ Dex+2 Stlth+}
   (You found it on level 4 of the Dungeon)

   Dex:       It affects your dexterity (+2).
   rPois:     It protects you from poison.
   rN:        It protects you from negative energy.
   Stlth:     It makes you more stealthy.
 z - a +2 rapier of venom
Missiles
 h - 59 stones
 C - 2 atropa-tipped darts
Armour
 b - a +0 tower shield
 f - a +0 kite shield
Jewellery
 p - a ring of protection from cold (left tentacle)
 x - a ring of ice
 y - an amulet of faith
Wands
 B - a wand of iceblast (9)
Scrolls
 d - 5 scrolls of identify
 j - a scroll of fog
 k - a scroll of brand weapon {unknown}
 n - a scroll of fear {unknown}
 o - a scroll of immolation
 r - 3 scrolls of teleportation {unknown}
 s - 2 scrolls of vulnerability {unknown}
 v - a scroll of blinking {unknown}
 A - 3 scrolls of amnesia {unknown}
Potions
 a - 4 potions of lignification
 c - a potion of haste
 e - 2 potions of cancellation {unknown}
 i - 3 potions of degeneration {unknown}
 l - 3 potions of curing {unknown}
 m - 2 potions of resistance {unknown}
 q - a potion of heal wounds {unknown}
 t - a potion of attraction {unknown}
 w - 2 potions of mutation {unknown}


   Skills:
 + Level 4.3 Fighting
 + Level 5.9 Maces & Flails
 - Level 3.0 Dodging
 + Level 7.6 Stealth
 - Level 4.0 Unarmed Combat
 - Level 3.0 Spellcasting
 - Level 3.0 Hexes
 + Level 5.0 Transmutations
 * Level 2.2 Ice Magic


You had 2 spell levels left.
You knew the following spells:

 Your Spells              Type           Power      Damage    Failure   Level
a - Beastly Appendage     Tmut           34%        N/A       2%          1
b - Wereblood             Tmut           17%        N/A       3%          2
c - Spider Form           Tmut/Pois      9%         N/A       22%         3
d - Dazzling Flash        Conj/Hex       12%        N/A       32%         3
e - Ensorcelled Hibernat  Hex/Ice        20%        N/A       11%         2
f - Sting                 Tmut/Pois      36%        1d4       7%          1

Your spell library contained the following spells:

 Spells                   Type           Power      Damage    Failure   Level
 Passwall                 Tmut/Erth      7%         N/A       11%         2
 Poisonous Vapours        Pois/Air       4%         N/A       30%         2
 Ice Form                 Ice/Tmut       13%        N/A       41%         4
 Swiftness                Air            2%         N/A       52%         3
 Volatile Blastmotes      Fire/Tloc      4%         2d10      52%         3
 Summon Ice Beast         Ice/Summ       5%         N/A       77%         4
 Iskenderun's Mystic Bla  Conj/Tloc      2%         2d3       89%         4
 Olgreb's Toxic Radiance  Pois           2%         N/A       89%         4
 Summon Mana Viper        Hex/Summ       6%         N/A       96%         5
 Starburst                Conj/Fire      1%         6d3       100%        6
 Monstrous Menagerie      Summ           1%         N/A       100%        7


Dungeon Overview and Level Annotations

Branches:
Dungeon (7/15)             Temple (0/1) D:7

Altars:
Fedhas
Hepliaklqana
Kikubaaqudgha
Qazlal
Ru
Uskayaw
The Shining One

Shops:
D:3 =   D:5 :   D:6 :


Innate Abilities, Weirdness & Mutations

You cannot wear most types of armour.
You are amphibious.
You can wear up to eight rings at the same time.
Your skin changes colour to match your surroundings (Stealth+).
Your rubbery body absorbs attacks. (AC +1, EV +1)
((You are camouflaged when in or above water. (Stealth+)))
You have tentacles for arms and can constrict up to eight enemies at once.


Message History

A bullfrog comes into view.
The bullfrog croaks.
You hit the bullfrog. You drain the bullfrog. Your grab misses the bullfrog.
Your squeeze misses the bullfrog.
The bullfrog is heavily wounded.
The hound barely misses you. The bullfrog barely misses you.
The hound pauses to sniff the ground.
The hound closely misses you.
You closely miss the bullfrog. Your grab misses the bullfrog.
You squeeze the bullfrog.
The bullfrog is severely wounded.
The bullfrog closely misses you. The hound bites you. The bullfrog hits you.
You completely miss the bullfrog. Your grab misses the bullfrog.
You tentacle-slap the bullfrog. Your squeeze misses the bullfrog.
The bullfrog is almost dead.
The hound misses you. The bullfrog hits you.
The bullfrog completely misses you. The hound bites you.
* * * LOW HITPOINT WARNING * * *
The bullfrog misses you. The bullfrog hits you.
* * * LOW HITPOINT WARNING * * *
The shadow imp misses you.
You miss the bullfrog. Your grab misses the bullfrog.
You tentacle-slap the bullfrog.
You feel a bit better.
You kill the bullfrog!
The hound bites you.
* * * LOW HITPOINT WARNING * * *
The bullfrog misses you. The hound completely misses you.
The shadow imp hits you.
* * * LOW HITPOINT WARNING * * *
The bullfrog attacks as you move away! The bullfrog hits you.
* * * LOW HITPOINT WARNING * * *
The bullfrog hits you.
* * * LOW HITPOINT WARNING * * *
You see here a bullfrog corpse.
The shadow imp attacks as you move away!
The shadow imp closely misses you.
The shadow imp shouts, "Taste defeat, thou pribbling mumble-news prigger-of-prances!"
The shadow imp attacks as you move away!
The shadow imp hits you.
You die...

. ##...## #..# .
##..#..## ####... #.
####...#...###......
###.##.....###...##.####P
#.................#.# #.
###....#.....#....# #P.
#.h###..>..###..# #._
#..F.#.....#....# #.P
#.....#5@...........# ###
..$.#.##...###...####
###.#. ##...#...## # #.
##..#..## .. ##...## ..
####


You could see a bullfrog, a hound and a shadow imp.

Vanquished Creatures
  Sigmund (D:2)
  Eustachio (D:4)
  Menkaure (D:5)
  2 orc warriors
  2 ogres
  A black bear (D:5)
  A centaur (D:6)
  A phantom (D:7)
  2 bullfrogs
  Blork the orc (D:5)
  A scorpion (D:3)
  3 wights
  2 howler monkeys (D:4)
  4 hounds
  3 jellies
  An orc priest (D:5)
  Crazy Yiuf (D:2)
  A sleepcap (D:5)
  3 iguanas
  2 orc wizards (D:6)
  9 adders
  3 shadow imps
  A white imp (D:5)
  4 ufetubi
  6 worms
  A dart slug (D:2)
  7 orcs
  7 ball pythons
  12 endoplasms
  3 giant cockroaches
  7 goblins
  5 hobgoblins
  4 jackals (D:3)
  12 kobolds
  3 quokkas
  5 bats
  3 frilled lizards
  5 rats
131 creatures vanquished.

Notes
Turn   | Place    | Note
-------+----------+-------------------------------------------
     0 | D:1      | t3rr1bl3 the Octopode Transmuter began the quest for the
                  | Orb.
     0 | D:1      | Reached XP level 1. HP: 13/13 MP: 3/3
   317 | D:1      | Reached XP level 2. HP: 18/18 MP: 3/5
   320 | D:1      | Learned a level 2 spell: Wereblood
   788 | D:1      | Reached XP level 3. HP: 17/23 MP: 6/6
   838 | D:1      | Found a faded altar of an unknown god.
  1122 | D:1      | Learned a level 3 spell: Spider Form
  1357 | D:2      | Reached skill level 1 in Stealth
  1362 | D:2      | Reached XP level 4. HP: 28/28 MP: 4/7
  1705 | D:2      | Noticed Sigmund
  1977 | D:2      | Found a runed translucent door.
  1978 | D:2      | Noticed Crazy Yiuf
  1988 | D:2      | Killed Crazy Yiuf
  2213 | D:2      | Reached XP level 5. HP: 31/33 MP: 9/9
  2349 | D:2      | Killed Sigmund
  2350 | D:2      | Reached skill level 2 in Stealth
  2350 | D:2      | Reached XP level 6. HP: 23/39 MP: 6/10
  2556 | D:3      | Reached skill level 3 in Stealth
  2675 | D:3      | Found a glowing golden altar of the Shining One.
  2763 | D:3      | Reached skill level 1 in Maces & Flails
  2982 | D:3      | Found a hazy altar of Hepliaklqana.
  2982 | D:3      | Found a hide-covered altar of Uskayaw.
  3058 | D:3      | Learned a level 3 spell: Dazzling Flash
  3224 | D:3      | Found Faav's Jewellery Shop.
  3340 | D:4      | Identified the +1 mace of Vujui {drain, rPois rN+ Dex+2
                  | Stlth+}
  3511 | D:4      | Reached skill level 4 in Stealth
  3536 | D:4      | Found a stormy altar of Qazlal.
  3587 | D:4      | Reached XP level 7. HP: 45/45 MP: 11/11
  4195 | D:5      | Entered Level 5 of the Dungeon
  4196 | D:5      | Noticed Eustachio
  4210 | D:4      | Reached skill level 5 in Stealth
  4317 | D:5      | HP: 2/43 [wight/+0 falchion (11)]
  4658 | D:5      | Found Keynkeb's Book Shoppe.
  4721 | D:5      | Noticed Menkaure
  4954 | D:5      | Reached XP level 8. HP: 51/51 MP: 12/12
  5013 | D:5      | Reached skill level 1 in Hexes
  5464 | D:4      | Killed Eustachio
  5465 | D:4      | Reached skill level 6 in Stealth
  5706 | D:5      | Killed Menkaure
  5832 | D:5      | Noticed Blork the orc
  5840 | D:5      | Killed Blork the orc
  5846 | D:5      | Learned a level 2 spell: Ensorcelled Hibernation
  5971 | D:5      | Found a sacrificial altar of Ru.
  6270 | D:6      | Reached skill level 5 in Maces & Flails
  6334 | D:6      | Reached skill level 1 in Ice Magic
  6382 | D:6      | Reached skill level 7 in Stealth
  6445 | D:6      | Reached XP level 9. HP: 54/58 MP: 11/13
  6554 | D:6      | Learned a level 1 spell: Sting
  6744 | D:6      | Reached skill level 5 in Transmutations
  6831 | D:6      | Found Voubbaso's Book Boutique.
  6959 | D:7      | Found an ancient bone altar of Kikubaaqudgha.
  6962 | D:7      | Found a blossoming altar of Fedhas.
  7163 | D:7      | Found a staircase to the Ecumenical Temple.
  7188 | D:7      | Slain by a shadow imp

Illustrated notes

Levels and vault maps discovered:
D:1:      dpeg_arrival_solitude, layout_basic, chequers_ecumenical_altar_simple
D:2:      minmay_chambers_of_twos, layout_loops_ring,
          nicolae_elevator_lobby_asterisk, uniq_crazy_yiuf_cottage, uniq_sigmund
D:3:      layout_loops_ring, amethyst_overflow_temple_binary, tso_altar,
          serial_shops, nicolae_shop_pleasant_corner_grove,
          dreamdust_princess_bridge
D:4:      layout_basic, mainiacjoe_overflow_surrounded_room
D:5:      layout_gridville, nicolae_ru_the_path_less_chosen, serial_demonic,
          serial_demonic_f, serial_demonic_e, serial_demonic_d,
          serial_demonic_e, serial_demonic_b, serial_shops, nicolae_shop_stone,
          sword_in_stone, uniq_menkaure, uniq_blork_the_orc
D:6:      layout_basic, serial_shops, nicolae_shop_tiny_statue_garden
D:7:      layout_loops_ring, grunt_temple_overflow_growth_and_decay,
          nicolae_gozag_seed_capital, minmay_temple_entry_tees, minivault_24,
          nicolae_shop_firing_range

Skill      XL: |  1  2  3  4  5  6  7  8  9 |
---------------+----------------------------+-----
Stealth        | 1 2 4 5 7 |  7.6
Unarmed Combat | 4 |  4.0
Spellcasting   | 3 |  3.0
Transmutations | 4 5 |  5.0
Maces & Flails | 1 3 5 |  5.9
Fighting       | 2 3 4 |  4.3
Dodging        | 3 |  3.0
Hexes          | 3 |  3.0
Ice Magic      | 1 2 |  2.2

Action                     |  1- 3 |  4- 6 |  7- 9 || total
---------------------------+-------+-------+-------++-------
  Melee: Unarmed           |    83 |    18 |       ||   101
         Constrict         |    19 |    20 |    36 ||    75
         Kick              |    18 |     8 |       ||    26
         Tentacles         |    10 |    18 |    44 ||    72
         Punch             |     2 |     5 |     9 ||    16
         Whip              |       |    44 |       ||    44
         Mace              |       |    11 |   187 ||   198
   Cast: Beastly Appendage |    25 |     7 |       ||    32
         Wereblood         |     3 |     8 |    13 ||    24
    Use: Scroll            |       |     4 |     1 ||     5
         Potion            |       |       |     1 ||     1
   Stab: Sleeping          |     5 |    10 |     8 ||    23
         Distracted        |       |       |     1 ||     1
 Armour: Skin              |     5 |     2 |    18 ||    25
  Dodge: Dodged            |    38 |    19 |   167 ||   224
